 Dungeon Crawl Stone Soup version 0.29-a0-857-g9b1aa3ac5b (webtiles) character file.

Game seed: 14898342552585715616

59 Spectrina the Magician (level 4, 0/33 HPs)
             Began as a Djinni Warper on July 16, 2022.
             Was a Follower of the Shining One.
             Slain by a goblin
             ... wielding a +0 club
              (4 damage)
             ... on level 3 of the Dungeon.
             The game lasted 00:04:11 (511 turns).

Spectrina the Magician (Djinni Warper)               Turns: 511, Time: 00:04:12

Health: 0/33       AC:  3    Str: 10    XL:     4   Next: 22%
Gold:   39         EV: 11    Int: 17    God:    the Shining One [*.....] SH:  0 Dex: 12

rFire   + + .      SeeInvis .   a - +0 falchion
rCold   x . .      Faith    .   (no shield)
rNeg    . . .      Spirit   .   b - +0 leather armour
rPois   ∞          Reflect  .   (no helmet)
rElec   .          Harm     .   (no cloak)
rCorr   .          Rampage  .   (no gloves)
Will    .....                   (boots unavailable)
Stlth   +.........              (no amulet)
HPRegen 0.11/turn               (no ring)
MPRegen 0.00/turn               (no ring)

@: on berserk cooldown, flying, slowed, glowing, very slow
A: sickness immunity, fire resistance 2, cold vulnerability 1, float, innate
caster, HP casting, extra vitality 1
a: Renounce Religion, Divine Shield


You were on level 3 of the Dungeon.
You worshipped the Shining One.
The Shining One was aware of your devotion.
You visited 1 branch of the dungeon, and saw 4 of its levels.

You collected 39 gold pieces.

Inventory:

Hand Weapons
 a - a +0 falchion (weapon)
 i - a +0 sling
Missiles
 d - 7 boomerangs of dispersal (quivered)
 h - 4 poisoned darts
Armour
 b - a +0 leather armour (worn)
Wands
 m - a wand of digging (1)
Scrolls
 c - a scroll of blinking
 f - a scroll of immolation {unknown}
 g - a scroll of identify {unknown}
 j - a scroll of enchant armour {unknown}
 k - a scroll of fog {unknown}
Potions
 l - a potion of lignification {unknown}


   Skills:
 - Level 2.0 Fighting
 - Level 1.7 Long Blades
 - Level 0.7 Throwing
 - Level 1.0 Armour
 - Level 2.1 Dodging
 + Level 3.7 Spellcasting


You couldn't memorise any spells.
You knew the following spells:

 Your Spells              Type           Power      Damage    Failure   Level
a - Apportation           Tloc           30%        N/A       4%          1
b - Blink                 Tloc           30%        N/A       7%          2
d - Teleport Other        Tloc           15%        N/A       14%         3
p - Gell's Gravitas       Tloc           15%        N/A       14%         3
q - Lesser Beckoning      Tloc           15%        N/A       14%         3
y - Manifold Assault      Tloc           15%        N/A       78%         5
Your spell library was empty.

Dungeon Overview and Level Annotations

Branches:
Dungeon (4/15)
 Temple: D:4-7

Altars:
Qazlal
The Shining One


Innate Abilities, Weirdness & Mutations

You are immune to sickness and miasma.
You are immune to poison.
Your flesh is very heat resistant. (rF++)
You are vulnerable to cold. (rC-)
You float through the air rather than walking.
You learn spells naturally, not from books.
Your magical power is your life essence.
You have superior vitality. (+4 MHP)


Message History

You are frozen!
You feel a terrible chill! The endoplasm freezes you.
You are frozen.
You feel a terrible chill!
* * * LOW HITPOINT WARNING * * *
You slash the endoplasm!
You kill the endoplasm!
Found a short sword.
Found a stone staircase leading up.
Unknown command.
An adder comes into view.
The adder hisses angrily.
You slash the adder!
The adder is severely wounded.
The adder closely misses you. The adder bites you.
* * * LOW HITPOINT WARNING * * *
The adder bites you.
* * * LOW HITPOINT WARNING * * *
It was a potion of curing.
You feel better. The adder bites you. The adder completely misses you.
You hit the adder.
The adder is almost dead.
The adder bites you but does no damage. The adder bites you.
* * * LOW HITPOINT WARNING * * *
You hit the adder but do no damage.
The adder is almost dead.
The adder closely misses you. The adder bites you.
* * * LOW HITPOINT WARNING * * *
You hit the adder.
You kill the adder!
A goblin comes into view.
It is wielding a +0 club and quivering curare-tipped darts.
The goblin moves out of view.
The goblin shouts!
The goblin throws a curare-tipped dart.
The curare-tipped dart hits you. The goblin closely misses you.
There is a stone staircase leading up here.
You hit the goblin.
The goblin is severely wounded.
The goblin hits you with a +0 club.
* * * LOW HITPOINT WARNING * * *
The goblin hits you with a +0 club.
You die...

###.####### #...#
#..## #.## #.# #)#
#.#### #....# #####
####.# ##.#@#.###
#.# #....g...#
#.########.#.#.#....
#................###
##########.#.#.#.#
##### ...)....#
....# #.#.#.#..
###.# ..######## #.#
...


You could see a goblin.

Vanquished Creatures
  Ijyb (D:3)
  2 adders (D:3)
  An orc (D:3)
  2 endoplasms
  A giant cockroach (D:1)
  A goblin (D:1)
  A hobgoblin (D:3)
  3 kobolds
  A ball python (D:2)
  2 frilled lizards
  2 rats
17 creatures vanquished.

Notes
Turn   | Place    | Note
-------+----------+-------------------------------------------
     0 | D:1      | Spectrina the Djinni Warper began the quest for the Orb.
     0 | D:1      | Spectrina set off with the following spells memorised:
                  | Blink, Lesser Beckoning, Gell's Gravitas, Teleport Other,
                  | Manifold Assault.
     0 | D:1      | Reached XP level 1. HP: 18/18 MP: 0/0
   155 | D:2      | Reached XP level 2. HP: 23/23 MP: 0/0
   212 | D:1      | Prayed at the altar of an unknown god.
   212 | D:1      | Became a worshipper of the Shining One
   212 | D:1      | Reached * piety under the Shining One
   329 | D:2      | Upgraded the game from 0.29-a0-845-g6161e89988 to
                  | 0.29-a0-857-g9b1aa3ac5b
   428 | D:3      | Reached skill level 3 in Spellcasting
   453 | D:3      | Reached XP level 3. HP: 18/28 MP: 0/0
   453 | D:3      | Learned a level 1 spell: Apportation
   460 | D:3      | Found a stormy altar of Qazlal.
   475 | D:3      | Noticed Ijyb
   484 | D:3      | Killed Ijyb
   485 | D:3      | Reached XP level 4. HP: 23/33 MP: 0/0
   504 | D:3      | HP: 1/33 [adder (4)]
   511 | D:3      | Slain by a goblin

Illustrated notes

Levels and vault maps discovered:
D:1:      spicycebolla_arrival_ecumenical, layout_loops_corners
D:2:      layout_basic
D:3:      layout_loops_ring, grunt_qazlal_clouds, st_stairs_8, uniq_ijyb
D:4:      layout_loops_ring, minmay_temple_entry_offerings, serial_shops, shop,
          minmay_lizard_king

Skill      XL: |  1  2 |
---------------+-------+-----
Spellcasting   | 3 |  3.7
Fighting       | |  2.0
Long Blades    | |  1.7
Throwing       | |  0.7
Armour         | |  1.0
Dodging        | |  2.1

Action                   |  1- 3 |  4- 6 || total
-------------------------+-------+-------++-------
Melee: Falchion          |    56 |     7 ||    63
  Use: Potion            |     1 |     1 ||     2
Armor: Leather armour    |    18 |     2 ||    20
Dodge: Dodged            |    29 |     4 ||    33

Table legend: (Time is in decaauts)
 A = Elapsed time spent in this place.
 B = Non-inter-level travel time spent in this place.
 C = Inter-level travel time spent in this place.
 D = Time resting spent in this place.
 E = Time spent auto-exploring this place.
 F = Levels seen in this place.
 G = Mean time per level.
                   A        B        C        D        E       F      G
               +--------+--------+--------+--------+--------+-----+--------+
         Total |    533 |    533 |      0 |      0 |      0 |   4 |  133.2 |
       Dungeon |    533 |    533 |      0 |      0 |      0 |   4 |  133.2 |
               +--------+--------+--------+--------+--------+-----+--------+

Top non-repeatable levels by time:
     D:2: 270 daAuts
     D:3: 139 daAuts
     D:1: 120 daAuts
     D:4: 3 daAuts
